 Dungeon Crawl Stone Soup version 0.21.0-36-ge3e1d5a (webtiles) character file.

1424 Kurtz the Poker (level 8, -6/85 HPs)
             Began as an Octopode Abyssal Knight on Jan 30, 2018.
             Was a Priest of Lugonu.
             Mangled by a gnoll sergeant
             ... wielding a +6 spear of venom
              (8 damage)
             ... on level 5 of the Dungeon.
             The game lasted 00:07:13 (5350 turns).

Kurtz the Poker (Octopode Abyssal Knight)           Turns: 5350, Time: 00:07:14

Health: -6/85      AC:  1    Str: 17    XL:     8   Next: 72%
Magic:  9/9        EV: 16    Int: 14    God:    Lugonu [***...]
Gold:   222        SH:  0    Dex: 19    Spells: 7/7 levels left

rFire    + . .     SeeInvis .   z - +0 halberd
rCold    x . .     Gourm    .   (shield currently unavailable)
rNeg     . . .     Faith    .   (helmet restricted)
rPois    .         Spirit   .   (no amulet)
rElec    .         Reflect  .   e - +6 ring of dexterity
rCorr    .         Harm     .   C - ring of fire
MR       .....                  (no ring)
Stlth    ..........             (no ring)
HPRegen  0.24/turn              (no ring)
MPRegen  0.11/turn              (no ring)
                                (no ring)
                                (no ring)

@: berserking, lethally poisoned (-6 -> -26), very quick
A: almost no armour, stealthy swim, amphibious, 8 rings, constrict 8, camouflage
1, gelatinous body 1
a: Depart the Abyss, Bend Space, Banish, Renounce Religion


You were on level 5 of the Dungeon.
You worshipped Lugonu.
Lugonu was most pleased with you.
You were not hungry.

You visited 1 branch of the dungeon, and saw 5 of its levels.
You visited the Abyss 1 time.

You collected 222 gold pieces.

Inventory:

Hand Weapons
 a - a +1 spear
 s - a +0 blowgun
 x - a +0 trident
 z - a +0 halberd (weapon)
Missiles
 g - 4 javelins (quivered)
 u - 35 poisoned needles
 A - a throwing net
Jewellery
 e - a +6 ring of dexterity (left tentacle)
 C - a ring of fire (right tentacle)
Wands
 o - a wand of paralysis (4)
 w - a wand of flame (27)
Scrolls
 d - 2 scrolls of random uselessness {unknown}
 h - 2 scrolls of immolation {unknown}
 i - 6 scrolls of identify {unknown}
 j - a scroll of teleportation {unknown}
 m - 5 scrolls of remove curse {unknown}
 n - a scroll of magic mapping {unknown}
 q - 2 scrolls of fog {unknown}
 y - 2 scrolls of amnesia {unknown}
Potions
 c - 2 potions of berserk rage
 f - 2 potions of lignification {unknown}
 k - a potion of resistance {unknown}
 l - a potion of heal wounds {unknown}
 p - a potion of agility {unknown}
 r - a potion of cancellation {unknown}
 t - 2 potions of invisibility {unknown}
 v - 2 potions of curing {unknown}
Comestibles
 b - 4 rations
 B - 6 chunks of flesh


   Skills:
 + Level 5.7 Fighting
 * Level 7.3 Polearms
 + Level 3.9 Dodging
 + Level 6.7 Stealth
 - Level 2.4 Invocations


You had 7 spell levels left.
You didn't know any spells.

Dungeon Overview and Level Annotations

Branches:
Dungeon (5/15)
 Temple: D:4-7

Altars:
Cheibriados
Dithmenos
Gozag
Nemelex Xobeh
Uskayaw


Innate Abilities, Weirdness & Mutations

You cannot wear most types of armour.
You are very stealthy in the water. (Stealth+)
You are amphibious.
You can wear up to eight rings at the same time.
You can use your tentacles to constrict eight enemies at once.
Your skin changes colour to match your surroundings (Stealth+).
Your rubbery body absorbs attacks. (AC +1, EV +1)


Message History

The gnoll sergeant hits you with a spear of venom!
* * * LOW HITPOINT WARNING * * *
You are lethally poisoned!
You slash the gnoll sergeant! You grab the gnoll sergeant.
You squeeze the gnoll sergeant.
The gnoll sergeant is almost dead.
You constrict the gnoll sergeant, but do no damage.
* * * LOW HITPOINT WARNING * * *
You feel very sick.
The gnoll sergeant hits you with a spear of venom!
* * * LOW HITPOINT WARNING * * *
Unknown command.
It was a potion of berserk rage.
A red film seems to cover your vision as you go berserk!
You feel yourself moving faster!
You feel mighty!
You constrict the gnoll sergeant.
* * * LOW HITPOINT WARNING * * *
You feel sick.
The gnoll sergeant hits you with a spear of venom!
You die...

###### #########....#####
#######......##....#...##
'.............).@g..>....
#######......##....#...##
#######......##..........
.............##..........
.............##..........
.............##.....(....
.............###.........
#.)..##......# #.........
#.รท.(#########
#......(..


You could see a gnoll sergeant.

Vanquished Creatures
  The ghost of Diojeanne the Chopper, an amateur MiBe of Trog (D:3)
  Grinder (D:3)
  A golden eye (Abyss:1)
  An ogre (D:4)
  2 phantoms
  2 howler monkeys
  A quasit (D:5)
  An orc priest (D:4)
  A hound (D:5)
  3 orc wizards (D:4)
  Jessica (D:3)
  3 iguanas (D:4)
  Robin (D:3)
  3 gnolls (D:5)
  6 adders
  A shadow imp (D:5)
  An adder zombie (D:5)
  3 worms
  7 dart slugs
  3 leopard geckos
  20 orcs
  7 giant cockroaches
  16 goblins
  9 hobgoblins
  5 jackals (D:3)
  A quokka (D:4)
  3 ball pythons
  6 bats
  5 frilled lizards
  6 kobolds
  A quokka skeleton (D:4)
  5 rats
127 creatures vanquished.

Notes
Turn   | Place    | Note
-------+----------+-------------------------------------------
     0 | Abyss:1  | Kurtz the Octopode Abyssal Knight began the quest for the Orb.
     0 | Abyss:1  | Reached XP level 1. HP: 16/16 MP: 2/2
    48 | Abyss:1  | Noticed a golden eye
    57 | Abyss:1  | Noticed a small abomination
    73 | Abyss:1  | Killed a golden eye
    73 | Abyss:1  | Reached XP level 2. HP: 23/23 MP: 3/3
    73 | Abyss:1  | Reached XP level 3. HP: 27/27 MP: 4/4
    73 | Abyss:1  | Reached XP level 4. HP: 34/34 MP: 5/5
    73 | Abyss:1  | Reached XP level 5. HP: 38/38 MP: 6/6
   137 | Abyss:1  | Noticed a thrashing horror
   145 | Abyss:1  | Noticed a small abomination
   147 | Abyss:1  | Noticed a lich
   151 | Abyss:1  | Noticed a raiju
   153 | D:1      | Escaped the Abyss
   332 | D:1      | Reached * piety under Lugonu
   616 | D:1      | Found a sparkling altar of Nemelex Xobeh.
   740 | D:1      | You fall through a shaft!
   793 | D:2      | Reached skill level 3 in Polearms
  1193 | D:2      | Reached skill level 1 in Stealth
  1350 | D:2      | Found a hide-covered altar of Uskayaw.
  1351 | D:2      | Found a snail-covered altar of Cheibriados.
  1432 | D:2      | Reached XP level 6. HP: 45/45 MP: 7/7
  1643 | D:3      | Reached ** piety under Lugonu
  1798 | D:3      | Noticed Jessica
  1803 | D:3      | Killed Jessica
  1908 | D:3      | Noticed Diojeanne's ghost (amateur MiBe)
  1998 | D:3      | Noticed Grinder
  2012 | D:3      | Killed Grinder
  2012 | D:3      | Reached skill level 5 in Fighting
  2012 | D:3      | Reached skill level 4 in Polearms
  2012 | D:3      | Reached XP level 7. HP: 13/50 MP: 8/8
  2497 | D:3      | Noticed Robin
  2596 | D:3      | Killed Diojeanne's ghost
  2596 | D:3      | Reached skill level 5 in Polearms
  3001 | D:3      | Killed Robin
  3133 | D:4      | Reached skill level 5 in Stealth
  3333 | D:4      | Reached XP level 8. HP: 55/55 MP: 9/9
  3342 | D:4      | Reached skill level 6 in Polearms
  3789 | D:4      | Found an opulent altar of Gozag.
  3833 | D:4      | Reached *** piety under Lugonu
  4969 | D:5      | Entered Level 5 of the Dungeon
  5015 | D:5      | Found a shadowy altar of Dithmenos.
  5284 | D:5      | Reached skill level 7 in Polearms
  5350 | D:5      | HP: 2/85 [poisoned by a gnoll sergeant]
  5350 | D:5      | Mangled by a gnoll sergeant

Skill      XL: |  1  2  3  4  5  6  7  8 |
---------------+-------------------------+-----
Fighting       | 4 5 |  5.7
Dodging        | 3 |  3.9
Polearms       | 3 4 5 7 |  7.3
Stealth        | 1 3 5 6 |  6.7
Invocations    | |  2.4

Action                   |  1- 3 |  4- 6 |  7- 9 || total
-------------------------+-------+-------+-------++-------
Melee: Spear             |     7 |   161 |   105 ||   273
       Tentacles         |     1 |    25 |    36 ||    62
       Constrict         |       |    35 |    39 ||    74
       Halberd           |       |       |    73 ||    73
 Fire: Blowgun           |       |     3 |       ||     3
Throw: Javelin           |       |       |    25 ||    25
Invok: Depart the Abyss  |       |     1 |       ||     1
       Bend Space        |       |       |     1 ||     1
Evoke: Wand              |       |     1 |     5 ||     6
  Use: Potion            |       |       |     1 ||     1
 Stab: Sleeping          |       |    17 |     4 ||    21
       Paralysed         |       |       |    13 ||    13
       Distracted        |       |       |     1 ||     1
  Eat: Chunk             |       |     4 |    10 ||    14
Armor: Skin              |       |     7 |     2 ||     9
Dodge: Dodged            |       |    59 |    68 ||   127
